 Dungeon Crawl Stone Soup version 0.22-a0-542-gce4f928 (webtiles) character file.

9940 Amnesiac the Eclecticist (level 11, 0/55 HPs)
             Began as a Spriggan Earth Elementalist on June 25, 2018.
             Was a Follower of Ashenzari.
             Slain by an ogre
             ... wielding a +0 giant club
              (29 damage)
             ... on level 11 of the Dungeon.
             The game lasted 00:29:10 (9406 turns).

Amnesiac the Eclecticist (SpEE)                     Turns: 9406, Time: 00:29:11

Health: 0/55       AC:  4    Str:  4    XL:     11   Next: 29%
Magic:  0/31       EV: 24    Int: 19    God:    Ashenzari [*.....]
Gold:   408        SH:  0    Dex: 18    Spells: 28/41 levels left

rFire    + + +     SeeInvis +   a - +3 dagger (venom)
rCold    . . .     Gourm    .   (shield restricted)
rNeg     . . .     Faith    .   D - +2 robe {rF+}
rPois    .         Spirit   +   (helmet restricted)
rElec    .         Reflect  .   g - scarf {Spirit}
rCorr    .         Harm     .   (gloves unavailable)
MR       +....                  (boots unavailable)
Stlth    ++++......             h - amulet of regeneration
HPRegen  0.58/turn              t - ring of protection from fire
MPRegen  0.22/turn              A - ring of protection from fire

@: very quick
A: very small, unfitting armour, see invisible, herbivore, speed 3, slow
metabolism 2
a: Curse Item, Scrying, Renounce Religion


You were on level 11 of the Dungeon.
You worshipped Ashenzari.
Ashenzari was aware of your devotion.
You were not hungry.

You visited 2 branches of the dungeon, and saw 12 of its levels.

You collected 500 gold pieces.
You spent 92 gold pieces at shops.

Inventory:

Hand Weapons
 a - a +3 dagger of venom (weapon)
 e - a +1 blowgun
Missiles
 u - 55 poisoned needles
 x - 83 stones (quivered)
Armour
 g - a scarf of spirit shield (worn)
 D - a +2 robe of fire resistance (worn)
Magical Staves
 b - an uncursed staff of earth
Jewellery
 h - an amulet of regeneration (around neck)
 m - an uncursed ring of fire
 t - a ring of protection from fire (left hand)
 z - an uncursed ring of flight
 A - a ring of protection from fire (right hand)
Wands
 p - a wand of flame (43)
 y - a wand of iceblast (10)
Scrolls
 c - a scroll of magic mapping {!r, unknown}
 f - a scroll of fear {!r}
 k - 3 scrolls of amnesia {!r}
 l - a scroll of enchant armour {!r}
 n - 6 scrolls of remove curse {!r}
 o - a scroll of immolation {!r}
 q - 6 scrolls of teleportation {!r}
 v - a scroll of identify {!r}
 E - a scroll of brand weapon {!r, unknown}
Potions
 i - a potion of haste {!q}
 j - a potion of might {!q}
 r - a potion of ambrosia {!q}
 s - a potion of curing {!q}
 w - a potion of flight {!q}
 B - a potion of heal wounds {!q}
 C - a potion of magic {!q, unknown}
Comestibles
 d - 10 rations


   Skills:
 - Level 5.0 Fighting
 - Level 8.0 Dodging
 - Level 8.0 Stealth
 + Level 15.8 Spellcasting
 - Level 5.0 Transmutations
 - Level 5.0 Earth Magic


You had 28 spell levels left.
You knew the following spells:

 Your Spells              Type           Power        Failure   Level  Hunger
a - Sandblast             Erth           ####..       1%          1    None
b - Passwall              Tmut/Erth      ####....     1%          2    None
d - Lee's Rapid Deconstr  Erth           ####......   14%         5    ###....
e - Petrify               Tmut/Erth      ####....     5%          4    None
z - Confusing Touch       Hex            ###...       4%          1    None

Your spell library contained the following spells:

 Spells                   Type           Power        Failure   Level  Hunger
 Apportation              Tloc           ###...       4%          1    None
 Confuse                  Hex            ###.....     12%         3    None
 Invisibility             Hex            ###.....     99%         6    #####..
 Tukima's Dance           Hex            ###.....     12%         3    None
 Stone Arrow              Conj/Erth      ###...       4%          3    None
 Metabolic Englaciation   Hex/Ice        ###.......   75%         5    ###....
 Summon Butterflies       Summ           ###.....     4%          1    None
 Alistair's Intoxication  Tmut/Pois      ###.....     38%         5    ###....
 Gell's Gravitas          Tloc           ###.......   12%         3    None
 Yara's Violent Unravell  Hex/Tmut       ###.......   38%         5    ###....
 Lesser Beckoning         Tloc           ###.......   12%         3    None


Dungeon Overview and Level Annotations

Branches:
Dungeon (11/15)            Temple (1/1) D:6             Orc (0/2) D:11
   Lair: D:8-11

Altars:
Ashenzari
Cheibriados
Dithmenos
Elyvilon
Fedhas
Gozag
Hepliaklqana
Makhleb
Nemelex Xobeh
Okawaru
Qazlal
Ru
Sif Muna
Trog
Uskayaw
Wu Jian
Xom
Yredelemnul
Zin
The Shining One

Shops:
D:10 [

Annotations:
D:5 Edmund
D:6 1 runed door, FluffGlitter's ghost, novice SpAM


Innate Abilities, Weirdness & Mutations

You are very small and have problems with some larger weapons.
You are too small for most types of armour.
You have supernaturally acute eyesight. (SInv)
You are a herbivore.
You cover ground extremely quickly.
You need to consume almost no food.


Message History

Aim: a big kobold, wielding a dagger (chance to defeat MR: 62%)
The big kobold is moving more slowly.
Unknown command.
You hit the big kobold.
The big kobold is lightly wounded.
You strike the helpless big kobold from behind!
You impale the big kobold!!
The big kobold is heavily wounded.
A wyvern comes into view.
The big kobold barely misses you.
The wyvern hisses angrily.
You hit the big kobold.
The big kobold is poisoned.
The big kobold is heavily wounded.
The big kobold completely misses you.
You catch the helpless big kobold completely off-guard!
You puncture the big kobold!
The big kobold looks as sick as possible!
The big kobold is almost dead.
The big kobold stops moving altogether!
The helpless big kobold fails to defend itself.
You impale the big kobold!!
You kill the big kobold!
You closely miss the ogre. The ogre misses you.
You hit the ogre.
The ogre is poisoned.
The ogre is lightly wounded.
Your +3 dagger of venom stops dripping with poison.
b - an uncursed staff of earth (weapon)
Casting: Petrify (safe; 5% risk of failure)
Confirm with . or Enter, or press ? or * to list all spells.
Aiming: Petrify (safe; 5% risk of failure)
Press: ? - help, Shift-Dir - straight line, f - white ugly thing
Aim: a white ugly thing (chance to defeat MR: 55%)
You feel a surge of power!
The white ugly thing is moving more slowly.
Unknown command.
Your +3 dagger of venom begins to drip with poison!
a - a +3 dagger of venom (weapon)
The white ugly thing stops moving altogether!
The helpless white ugly thing fails to defend itself.
You impale the white ugly thing!!
The white ugly thing is poisoned.
The white ugly thing is moderately wounded.
The ogre looks more healthy.
The ogre misses you.
The helpless white ugly thing fails to defend itself.
You impale the white ugly thing!!
The white ugly thing looks as sick as possible!
The white ugly thing is heavily wounded.
The wyvern closely misses you.
The helpless white ugly thing fails to defend itself.
You impale the white ugly thing!!
The white ugly thing looks as sick as possible!
The white ugly thing is heavily wounded.
The wyvern misses you. The ogre completely misses you.
The wyvern completely misses you.
The helpless white ugly thing fails to defend itself.
You impale the white ugly thing!!
The white ugly thing is severely wounded.
The wyvern bites you! The ogre completely misses you.
The helpless white ugly thing fails to defend itself.
You impale the white ugly thing!!
The white ugly thing is almost dead.
The wyvern barely misses you. The wyvern misses you.
The ogre hits you with a giant club!!
Ouch! That really hurt!
You die...

#8...8#.##.#####
##############.#.......
#........####gK.....[..
#.........)OlK.........
#.......g####K.........
#.......K# #..........
#.....Kg.# #######..S.
#....lOu.####### ....
#.../.@K.......# ...
#..............# ..
########........
#######.. .


You could see a white ugly thing (petrified), a wyvern, 3 big kobolds, an ogre,
a gnoll sergeant and a gnoll.

Vanquished Creatures
  The ghost of Conor the Grappler, a novice TrWz of Ashenzari (D:10)
  A two-headed ogre (D:11)
  Nergalle (D:10)
  An unseen horror (D:11)
  A cyclops (D:11)
  An ugly thing (D:11)
  Maurice (D:11)
  Psyche (D:10)
  A kobold demonologist (D:11)
  A spriggan (D:7)
  A wraith (D:10)
  A wyvern (D:10)
  A hungry ghost (D:9)
  A black bear (D:10)
  2 ice beasts
  7 orc warriors
  4 sky beasts
  A necrophage (D:8)
  5 ogres
  8 centaurs
  A crocodile (D:11)
  5 big kobolds
  6 bullfrogs
  A wyvern skeleton (D:11)
  2 scorpions
  5 wights (D:9)
  5 killer bees (D:9)
  2 electric eels (D:8)
  4 crimson imps
  A bullfrog zombie (D:8)
  5 jellies
  A quasit (D:6)
  2 bullfrog skeletons
  5 orc priests
  2 hounds
  Crazy Yiuf (D:7)
  A gnoll shaman (D:10)
  A centaur skeleton (D:10)
  5 iguanas
  12 orc wizards
  6 worker ants
  2 hound skeletons
  A worker ant zombie (D:8)
  A howler monkey zombie (D:10)
  5 gnolls (D:10)
  5 adders
  2 shadow imps
  A worm (D:9)
  7 leopard geckos
  39 orcs
  A ball python (D:7)
  4 giant cockroaches
  A goblin (D:1)
  19 kobolds
  A quokka (D:9)
  A frilled lizard (D:1)
  A leopard gecko zombie (D:6)
  A rat (D:3)
206 creatures vanquished.

Vanquished Creatures (others)
  A jackal (D:2)
  2 bushes (D:11)
  5 fungi (D:11)
  13 plants (D:11)
21 creatures vanquished.

Grand Total: 227 creatures vanquished

Notes
Turn   | Place    | Note
-------+----------+-------------------------------------------
     0 | D:1      | Amnesiac the Spriggan Earth Elementalist began the quest for the Orb.
     0 | D:1      | Reached XP level 1. HP: 9/9 MP: 5/5
   385 | D:5      | Entered Level 5 of the Dungeon
   582 | D:4      | Found a snail-covered altar of Cheibriados.
   584 | D:4      | Noticed a worker ant
   611 | D:4      | Killed a worker ant
   611 | D:4      | Reached skill level 3 in Spellcasting
   611 | D:4      | Reached XP level 2. HP: 13/13 MP: 0/7
   611 | D:4      | Reached XP level 3. HP: 16/16 MP: 0/8
   615 | D:4      | Learned a level 2 spell: Passwall
   970 | D:3      | Noticed a wyvern
  1288 | D:5      | Reached XP level 4. HP: 21/21 MP: 7/10
  1300 | D:5      | Learned a level 4 spell: Petrify
  1307 | D:5      | Found a sparkling altar of Nemelex Xobeh.
  1414 | D:5      | Reached skill level 1 in Fighting
  1434 | D:5      | Reached XP level 5. HP: 23/26 MP: 1/11
  1551 | D:5      | Noticed a centaur
  1557 | D:5      | Killed a centaur
  1607 | D:5      | Noticed an ogre
  1613 | D:5      | Killed an ogre
  1613 | D:5      | Reached skill level 5 in Dodging
  1613 | D:5      | Reached XP level 6. HP: 32/32 MP: 4/12
  1707 | D:5      | Found an opulent altar of Gozag.
  1752 | D:5      | Noticed an ice beast
  1782 | D:5      | Killed an ice beast
  1924 | D:5      | Noticed Edmund
  2425 | D:6      | Reached XP level 7. HP: 34/36 MP: 4/13
  2597 | D:6      | Learned a level 5 spell: Lee's Rapid Deconstruction
  2720 | D:6      | Found a shattered altar of Ashenzari.
  2723 | D:6      | Found a shimmering altar of Xom.
  2767 | D:6      | Found a runed door.
  2768 | D:6      | Noticed FluffGlitter's ghost (novice SpAM)
  2824 | D:6      | Found a staircase to the Ecumenical Temple.
  2951 | Temple   | Entered the Ecumenical Temple
  3068 | D:6      | Became a worshipper of Ashenzari the Shackled
  3619 | D:6      | Reached skill level 5 in Fighting
  3619 | D:6      | Reached XP level 8. HP: 43/43 MP: 4/14
  4012 | D:7      | Found an ornate altar of the Wu Jian Council.
  4152 | D:7      | Reached skill level 4 in Spellcasting
  4256 | D:7      | Reached skill level 5 in Earth Magic
  4346 | D:7      | Reached skill level 5 in Transmutations
  4438 | D:7      | Found a runed door.
  4944 | D:7      | Reached skill level 6 in Spellcasting
  5000 | D:7      | Noticed Crazy Yiuf
  5016 | D:7      | Killed Crazy Yiuf
  5231 | D:8      | Reached skill level 7 in Spellcasting
  5246 | D:8      | Found an iron altar of Okawaru.
  5343 | D:8      | Reached XP level 9. HP: 47/47 MP: 0/21
  5555 | D:8      | Reached skill level 8 in Spellcasting
  5588 | D:8      | Reached skill level 5 in Stealth
  5858 | D:8      | Found a shadowy altar of Dithmenos.
  5957 | D:8      | Reached skill level 9 in Spellcasting
  6627 | D:9      | Found a bloodstained altar of Trog.
  6715 | D:9      | Reached skill level 10 in Spellcasting
  6736 | D:9      | Found a white marble altar of Elyvilon.
  6791 | D:9      | Learned a level 1 spell: Confusing Touch
  7155 | D:9      | Reached skill level 11 in Spellcasting
  7156 | D:9      | Reached XP level 10. HP: 51/51 MP: 19/26
  7298 | D:9      | Reached * piety under Ashenzari
  7401 | D:9      | Found a snail-covered altar of Cheibriados.
  7430 | D:10     | Entered Level 10 of the Dungeon
  7453 | D:10     | Noticed Nergalle
  7475 | D:10     | Killed Nergalle
  7551 | D:10     | Reached skill level 12 in Spellcasting
  7682 | D:10     | Noticed Psyche
  7769 | D:10     | Killed Psyche
  7959 | D:10     | Found a runed door.
  7959 | D:10     | Noticed Conor's ghost (novice TrWz)
  8003 | D:10     | Killed Conor's ghost
  8003 | D:10     | Reached skill level 13 in Spellcasting
  8641 | D:10     | Found Xoanush's Antique Armour Shoppe.
  8645 | D:10     | Bought a glowing robe for 92 gold pieces
  8861 | D:10     | Reached skill level 14 in Spellcasting
  8905 | D:11     | Noticed a two-headed ogre
  8905 | D:11     | Noticed a cyclops
  8923 | D:11     | Noticed a rust devil
  8929 | D:11     | Killed a cyclops
  8952 | D:11     | Killed a two-headed ogre
  8952 | D:11     | Reached XP level 11. HP: 44/55 MP: 3/30
  9090 | D:11     | Noticed a brown ugly thing
  9133 | D:11     | Killed a brown ugly thing
  9133 | D:11     | Reached skill level 15 in Spellcasting
  9189 | D:11     | Noticed Maurice
  9209 | D:11     | Killed Maurice
  9235 | D:11     | Noticed an unseen horror
  9253 | D:11     | Killed an unseen horror
  9312 | D:11     | Found a staircase to the Orcish Mines.
  9373 | D:11     | Noticed a white ugly thing
  9406 | D:11     | Slain by an ogre

Vault maps used:
D:1:      erik_arrival_gehennom
D:2:      fiery_altar_vehumet, serial_bayou, serial_bayou_shore_a,
          serial_bayou_ford_a, serial_bayou_pond_e, serial_bayou_shore_b,
          chequers_ecumenical_altar_simple_redux, uniq_jessica
D:3:      marbit_many_paths, gammafunk_ghost_grave, uniq_ijyb, uniq_sigmund
D:4:      overflow_temple_1_default, first_ration, item_on_display_a
D:5:      minmay_opposing_rooms, grunt_gozag_statues,
          nemelex_xobeh_ov_fountains_minmay, uniq_edmund
D:6:      grunt_temple_overflow_open, minmay_temple_entry_crystal_x,
          ebering_ghost_inner_flame
D:7:      lemuel_doored_altar, the_bakery, solitary_fountain,
          uniq_crazy_yiuf_cottage
D:8:      lemuel_coloured_pillars_altar, kennysheep_little_box, minivault_14
D:9:      old_standard_altar, old_standard_altar, cheibrodos_worm_habitat
D:10:     serial_shops, shop_fountains, gammafunk_ghost_grave, uniq_psyche,
          uniq_nergalle
D:11:     minmay_klotski, minmay_lair_entry_grove,
          kennysheep_orc_monster_closet_entryway, lemuel_another_geyser,
          uniq_maurice, uniq_urug
Temple:   cyrus_temple_forest

Skill      XL: |  1  2  3  4  5  6  7  8  9 10 11 |
---------------+----------------------------------+-----
Earth Magic    | 3 5 |  5.0
Spellcasting   | 3 7 11 14 15 | 15.8
Transmutations | 3 5 |  5.0
Fighting       | 2 3 5 |  5.0
Dodging        | 5 7 8 |  8.0
Stealth        | 8 |  8.0

Action                   |  1- 3 |  4- 6 |  7- 9 | 10-12 || total
-------------------------+-------+-------+-------+-------++-------
Melee: Staff             |       |    12 |     4 |     1 ||    17
       Dagger            |       |       |   379 |   174 ||   553
 Cast: Sandblast         |    29 |    54 |   131 |    42 ||   256
       Passwall          |     2 |     1 |    14 |     5 ||    22
       Petrify           |       |     2 |    42 |    42 ||    86
       Lee's Rapid Decon |       |       |       |     7 ||     7
  Use: Scroll            |       |       |    10 |       ||    10
       Potion            |       |       |     1 |       ||     1
 Stab: Petrified         |       |       |    92 |    56 ||   148
       Petrifying        |       |       |    15 |     9 ||    24
       Sleeping          |       |       |    16 |    10 ||    26
  Eat: Ration            |       |       |     5 |     3 ||     8
Armor: Robe              |     2 |     5 |    26 |     7 ||    40
Dodge: Dodged            |    11 |    22 |   372 |   125 ||   530

Table legend:
 A = Spawn XP
 B = Non-spawn XP
 C = Spawn XP percentage of total XP
 D = Spawn monster count
 E = Non-spawn monster count
 F = Spawn count percentage of total count
 G = Total turns spent on level
                    A         B        C        D         E        F      G
               +---------+---------+-------+---------+---------+-------+---------
         Total |       0 |   14201 |   0.0 |       0 |     206 |   0.0 |  9406
               +---------+---------+-------+---------+---------+-------+---------
           D:1 |       0 |       5 |   0.0 |       0 |       3 |   0.0 |    90
           D:3 |       0 |       3 |   0.0 |       0 |       2 |   0.0 |   206
           D:4 |       0 |      88 |   0.0 |       0 |       4 |   0.0 |   803
           D:5 |       0 |     631 |   0.0 |       0 |      18 |   0.0 |  1231
           D:6 |       0 |     651 |   0.0 |       0 |      21 |   0.0 |  1218
           D:7 |       0 |    1042 |   0.0 |       0 |      33 |   0.0 |  1396
           D:8 |       0 |    1757 |   0.0 |       0 |      35 |   0.0 |  1496
           D:9 |       0 |    1470 |   0.0 |       0 |      27 |   0.0 |   828
          D:10 |       0 |    3963 |   0.0 |       0 |      42 |   0.0 |  1468
          D:11 |       0 |    4591 |   0.0 |       0 |      21 |   0.0 |   508
               +---------+---------+-------+---------+---------+-------+---------
